 Dungeon Crawl Stone Soup version 0.23.2-1-ga50397a6bc (webtiles) character file.

Game seed: 5254372219345330439

400687 Gargoyl the Envoy of Void (level 22, -25/151 HPs)
             Began as a Centaur Abyssal Knight on Apr 17, 2019.
             Was a High Priest of Lugonu.
             Killed from afar by a hellephant (73 damage)
             ... with a blast of flame
             ... on level 1 of the Abyss on Apr 19, 2019.
             The game lasted 02:26:01 (72065 turns).

Gargoyl the Envoy of Void (Centaur Abyssal Knight) Turns: 72065, Time: 02:26:02

Health: -25/151    AC: 45    Str: 28    XL:     22   Next: 27%
Magic:  25/34      EV: 12    Int: 11    God:    Lugonu [*****.]
Gold:   3642       SH: 21    Dex: 17    Spells: 21/21 levels left

rFire    . . .     SeeInvis .   i - +8 trident of the Octopus King {venom, rElec rPois MR+}
rCold    . . .     Gourm    .   C - +1 shield
rNeg     + . .     Faith    .   O - +9 plate armour of Instinct {Dex+2}
rPois    +         Spirit   .   j - +2 hat {MR+}
rElec    +         Reflect  +   K - +2 cloak {MR+}
rCorr    .         Harm     .   d - +2 pair of gloves of the Demon Prince {rElec Str+4 Dex+2}
MR       +++++                  N - +4 centaur barding
Stlth    ..........             x - +6 amulet of reflection
HPRegen  0.35/turn              T - ring of Septaerph {rElec rN+ MR+ Str+3}
MPRegen  0.24/turn              V - +6 ring of slaying

@: about to teleport, studying Throwing, very quick
A: large, hooves 3, iridescent scales 1, blink, deformed body, speed 2, frail 2,
tough skin 3
}: 2/15 runes: barnacled, gossamer
a: Blink, Depart the Abyss, Bend Space, Banish, Corrupt, Enter the Abyss,
Renounce Religion


You were on level 1 of the Abyss.
You worshipped Lugonu.
Lugonu was extremely pleased with you.
You were not hungry.

You visited 7 branches of the dungeon, and saw 39 of its levels.
You visited the Abyss 8 times.

You collected 5167 gold pieces.
You spent 1525 gold pieces at shops.

Inventory:

Hand Weapons
 h - a +3 war axe of flaming
 i - the +8 trident of the Octopus King (weapon) {venom, rElec rPois MR+}
   (You found it on level 5 of the Dungeon)

   It poisons the flesh of those it strikes.
   It insulates you from electricity.
   It protects you from poison.
   It affects your resistance to hostile enchantments.
 P - a +8 hand axe of electrocution
Missiles
 A - 2 poisoned javelins (quivered)
Armour
 d - the +2 pair of gloves of the Demon Prince (worn) {rElec Str+4 Dex+2}
   (You found it on level 2 of the Abyss)

   It affects your strength (+4).
   It affects your dexterity (+2).
   It insulates you from electricity.
 j - a +2 hat of magic resistance (worn)
 C - a +1 shield (worn)
 K - a +2 cloak of magic resistance (worn)
 N - a +4 centaur barding (worn)
 O - the +9 plate armour of Instinct (worn) {Dex+2}
   (You bought it in a shop on level 12 of the Dungeon)

   It affects your dexterity (+2).
Jewellery
 l - an uncursed ring of flight
 x - a +6 amulet of reflection (around neck)
 T - the ring of Septaerph (left hand) {rElec rN+ MR+ Str+3}
   (You took it off a deep elf mage on level 3 of the Elven Halls)

   [ring of positive energy]

   It affects your strength (+3).
   It insulates you from electricity.
   It protects you from negative energy.
   It affects your resistance to hostile enchantments.
 V - a +6 ring of slaying (right hand)
Wands
 a - a wand of scattershot (7)
 s - a wand of clouds (1)
 t - a wand of iceblast (27)
 u - a wand of paralysis (8)
 y - a wand of acid (12)
 J - a wand of digging (17)
Scrolls
 b - a scroll of brand weapon
 m - 4 scrolls of identify
 n - a scroll of amnesia
 p - 8 scrolls of teleportation
 q - 14 scrolls of remove curse
 z - 3 scrolls of blinking
 D - 2 scrolls of summoning
 G - 4 scrolls of fog
 M - 5 scrolls of magic mapping
 R - a scroll of silence
 U - 2 scrolls of fear
 W - 4 scrolls of holy word
Potions
 e - 6 potions of curing
 f - 7 potions of brilliance
 g - a potion of mutation
 k - 10 potions of agility
 o - 8 potions of flight
 v - 3 potions of haste
 w - 5 potions of berserk rage
 F - 7 potions of ambrosia
 H - 2 potions of invisibility
 I - 2 potions of magic
 Q - 2 potions of cancellation
Books
 r - a manual of Throwing
Miscellaneous
 X - 2 boxes of beasts
Comestibles
 c - 31 rations


   Skills:
 + Level 14.3 Fighting
 + Level 6.1(12.0) Axes
 + Level 15.7(16.0) Polearms
 + Level 5.0 Throwing
 * Level 13.8 Armour
 * Level 13.9 Dodging
 + Level 13.0 Shields
 * Level 17.3 Invocations


You had 21 spell levels left.
You didn't know any spells.
Your spell library contained the following spells:

 Spells                   Type           Power        Failure   Level  Hunger
 Animate Skeleton         Necr           N/A          92%         1    ##.....
 Apportation              Tloc           #.....       92%         1    ##.....
 Confusing Touch          Hex            #.....       92%         1    ##.....
 Corona                   Hex            #......      92%         1    ##.....
 Flame Tongue             Conj/Fire      #....        92%         1    ##.....
 Freeze                   Ice            #...         92%         1    ##.....
 Magic Dart               Conj           #...         92%         1    ##.....
 Pain                     Necr           #...         92%         1    ##.....
 Sandblast                Erth           #.....       92%         1    ##.....
 Summon Butterflies       Summ           #.......     92%         1    ##.....
 Corpse Rot               Necr           N/A          98%         2    ###....
 Passwall                 Tmut/Erth      #.......     98%         2    ###....
 Poisonous Vapours        Pois/Air       #.....       98%         2    ###....
 Searing Ray              Conj           #.....       98%         2    ###....
 Slow                     Hex            #.......     98%         2    ###....
 Song of Slaying          Chrm           #.......     98%         2    ###....
 Sublimation of Blood     Necr           #.........   98%         2    ###....
 Throw Frost              Conj/Ice       #.....       98%         2    ###....
 Confuse                  Hex            #.......     100%        3    ####...
 Conjure Flame            Conj/Fire      #.......     100%        3    ####...
 Dazzling Spray           Conj/Hex       #.....       100%        3    ####...
 Gell's Gravitas          Tloc           #.........   100%        3    ####...
 Ignite Poison            Fire/Tmut/Pois #.......     100%        3    ####...
 Inner Flame              Hex/Fire       #.......     100%        3    ####...
 Lesser Beckoning         Tloc           #.........   100%        3    ####...
 Mephitic Cloud           Conj/Pois/Air  #.......     100%        3    ####...
 Ozocubu's Armour         Chrm/Ice       #.......     100%        3    ####...
 Portal Projectile        Hex/Tloc       #.....       100%        3    ####...
 Regeneration             Chrm/Necr      #.........   100%        3    ####...
 Spider Form              Tmut/Pois      #.........   100%        3    ####...
 Stone Arrow              Conj/Erth      #.....       100%        3    ####...
 Tukima's Dance           Hex            #.......     100%        3    ####...
 Vampiric Draining        Necr           #.........   100%        3    ####...
 Animate Dead             Necr           N/A          100%        4    #####..
 Cause Fear               Hex            #.........   100%        4    #####..
 Force Lance              Conj/Tloc      #.......     100%        4    #####..
 Fulminant Prism          Conj/Hex       #.........   100%        4    #####..
 Iskenderun's Mystic Bla  Conj           #.......     100%        4    #####..
 Leda's Liquefaction      Hex/Erth       #.........   100%        4    #####..
 Petrify                  Tmut/Erth      #.......     100%        4    #####..
 Summon Ice Beast         Ice/Summ       #.......     100%        4    #####..
 Throw Icicle             Conj/Ice       #.......     100%        4    #####..
 Agony                    Necr           #.......     100%        5    ######.
 Alistair's Intoxication  Tmut/Pois      #.......     100%        5    ######.
 Bolt of Draining         Conj/Necr      #.........   100%        5    ######.
 Bolt of Magma            Conj/Fire/Erth #.........   100%        5    ######.
 Dispel Undead            Necr           #.......     100%        5    ######.
 Excruciating Wounds      Chrm/Necr      #.........   100%        5    ######.
 Lee's Rapid Deconstruct  Erth           #.........   100%        5    ######.
 Metabolic Englaciation   Hex/Ice        #.........   100%        5    ######.
 Summon Mana Viper        Hex/Summ       #.......     100%        5    ######.
 Venom Bolt               Conj/Pois      #.........   100%        5    ######.
 Yara's Violent Unravell  Hex/Tmut       #.........   100%        5    ######.
 Bolt of Fire             Conj/Fire      #.........   100%        6    #######
 Freezing Cloud           Conj/Ice/Air   #.........   100%        6    #######
 Invisibility             Hex            #.......     100%        6    #######
 Iron Shot                Conj/Erth      #.........   100%        6    #######
 Statue Form              Tmut/Erth      #........    100%        6    #######
 Dragon Form              Tmut           #.........   100%        7    #######
 Ring of Flames           Chrm/Fire      #.........   100%        7    #######
 Dragon's Call            Summ           #.........   100%        9    #######
 Shatter                  Erth           #.........   100%        9    #######


Dungeon Overview and Level Annotations

Branches:
Dungeon (15/15)            Temple (0/1) D:6            Lair (6/6) D:10
 Shoals (4/4) Lair:4       Spider (4/4) Lair:4        Slime (0/5) Lair:6
    Orc (2/2) D:12            Elf (3/3) Orc:2        Vaults (5/5) D:14
  Crypt (0/3) Vaults:3     Depths (0/5) D:15

Altars:
Cheibriados
Hepliaklqana
Kikubaaqudgha
Makhleb
Sif Muna
Vehumet
Wu Jian
Zin
The Shining One
Beogh

Shops:
D:12 *[   D:13 :   Orc:2 *?%}   Elf:1 [   Elf:2 =

Portals:
Trove: D:12 (give +2 gold dragon scales)

Annotations:
D:15 drd's ghost, journeyman DsBe
Elf:1 6 runed translucent doors
Vaults:5 corrupted


Innate Abilities, Weirdness & Mutations

You have hooves in place of feet.
Armour fits poorly on your strangely shaped body.
You cover ground very quickly.
You have extremely tough skin. (AC +3)
You are partially covered in iridescent scales. (AC +2)
You can translocate small distances at will.
You are very frail. (-20% HP)


Message History

The hellephant trumpets!
The hellephant resists with almost no effort.
You feel somewhat more hungry.
Press: ? - help, Shift-Dir - straight line, f/p - hellephant
Aim: a hellephant (translocational energy, chance to defeat MR: 6%)
The hellephant resists with almost no effort.
You feel somewhat more hungry.
The hellephant blinks!
As you read the scroll of teleportation, it crumbles to dust.
You feel strangely unstable.
You feel the power of the Abyss delaying your translocation!
The hellephant blinks!
The hellephant blinks!
Found 19 poisoned needles.
You see here 9 gold pieces.
Okay, then.
You feel better.
You feel better. The hellephant breathes flames at you.
The blast of flame hits you!!!!
You die...

### .... ##..
##......... ##...
##........... # #....
#... ......§
#.##...###..#........#
.(§........#.#.#.....#
.......) .#...#.......
#...#.§....#.#.#......
.#............@......#
.. ......#.#.#...#.#.#
...#......_...#..≈...
... .......##Y.#.≈≈.≈(
.. ...∩∩.........≈≈≈≈.
.....∩........ ..≈≈≈..
.#....∩∩....##(..###.#
. ....##... ......##
.#...# ... .##


You could see a hellephant.

Vanquished Creatures
  An ancient lich (Vaults:3)
  Mara (Vaults:4)
  Nikola (Elf:2)
  Arachne (Spider:1)
  4 tentacled monstrosities
  Rupert (D:15)
  A lich (Vaults:3)
  Jorgrun (Spider:1)
  4 deep elf blademasters (Elf:3)
  2 sphinxes
  Polyphemus (Shoals:3)
  A storm dragon (Vaults:4)
  2 tentacled starspawn
  An ancient champion (Vaults:3)
  3 fire giants (Vaults:4)
  A tengu reaver (Vaults:4)
  8 deep elf sorcerers
  3 frost giants
  An orc warlord (D:15)
  4 emperor scorpions
  6 vault wardens
  4 ghost moths
  Aizul (Vaults:1)
  2 deep elf elementalists (Elf:3)
  9 stone giants
  2 war gargoyles (Vaults:4)
  A very ugly thing (Vaults:3)
  12 ironheart preservers
  3 entropy weavers
  A vampire knight (Vaults:3)
  9 deep elf demonologists
  2 starcursed masses (Abyss:1)
  6 deep elf annihilators
  Azrael (Spider:2)
  3 spark wasps
  6 ettins
  A green death (Abyss:1)
  6 deep elf death magi
  A jiangshi (Vaults:3)
  12 ogre magi
  3 merfolk impalers (Shoals:4)
  3 deep elf high priests (Elf:3)
  8 yaktaur captains
  5 great orbs of eyes
  A hydra (shapeshifter) (Vaults:4)
  3 catoblepae
  22 vault guards
  7 centaur warriors
  5 ice dragons
  10 hydras
  Harold (Lair:2)
  Erica (D:8)
  A two-headed ogre (shapeshifter) (Vaults:3)
  43 two-headed ogres
  25 dancing weapons
  A satyr (shapeshifter) (Elf:2)
  3 merfolk avatars
  2 deep troll shamans
  A tengu warrior (D:15)
  7 death yaks
  2 alligator snapping turtles (Shoals:4)
  A hell hog (Abyss:1)
  7 merfolk aquamancers
  3 orc high priests
  A deep troll earth mage (Vaults:4)
  2 thrashing horrors (Abyss:1)
  18 deep elf knights
  Sonja (Lair:2)
  The ghost of harness the Destroyer, a novice TeCj (D:9)
  A wretched star (Abyss:1)
  2 shadow wraiths
  A sixfirhy (Abyss:1)
  12 sea snakes
  4 unseen horrors
  10 deep trolls
  4 wizards
  2 flayed ghosts (Vaults:4)
  18 deep elf archers
  15 ironbrand convokers
  2 phantasmal warriors (Vaults:4)
  15 orc knights
  A harpy (shapeshifter) (Vaults:1)
  18 harpies
  A lindwurm (Lair:6)
  9 orb spiders
  44 ugly things
  2 necromancers
  7 orc sorcerers
  47 deep elf magi
  8 large abominations (Abyss:1)
  A frost giant zombie (Vaults:4)
  13 manticores
  18 wolf spiders
  5 fauns
  9 cyclopes
  9 slime creatures
  An oklob plant (Lair:2)
  4 elephants (Lair:6)
  An ice statue (D:13)
  6 black mambas
  4 moths of wrath
  4 water nymphs
  Joseph (Lair:1)
  14 vault sentinels
  5 merfolk sirens
  2 torpor snails (Lair:6)
  3 gargoyles
  4 spiny frogs
  An orange demon (Abyss:1)
  A smoke demon (Abyss:1)
  8 rime drakes
  2 yaktaurs (shapeshifter)
  21 yaktaurs
  6 demonic crawlers
  3 freezing wraiths (Vaults:3)
  A tengu conjurer (D:15)
  A polar bear (Lair:2)
  A human skeleton (Vaults:4)
  9 komodo dragons
  A queen bee (shapeshifter) (Vaults:1)
  3 ancient zymes (Abyss:1)
  A meliai (shapeshifter) (Vaults:2)
  20 merfolk
  A tengu simulacrum (Vaults:3)
  10 hornets
  10 trolls
  5 tyrant leeches (Lair:6)
  29 jumping spiders
  6 wind drakes
  11 hippogriffs
  2 meliai zombies (D:14)
  5 dream sheep
  A frost giant simulacrum (Vaults:1)
  9 snapping turtles
  Prince Ribbit (Lair:2)
  4 raiju
  21 blink frogs
  An ettin zombie (Vaults:4)
  4 flying skulls (Abyss:1)
  The ghost of Acheron the Charlatan, an amateur DEAr of Okawaru (D:5)
  5 air elementals
  71 redbacks
  A ynoxinul (Abyss:1)
  A spriggan (shapeshifter) (Vaults:1)
  A shadow (D:14)
  13 water elementals
  19 tarantellas
  A tarantella (shapeshifter) (Vaults:2)
  10 wyverns
  45 yaks
  A yak (shapeshifter) (Elf:1)
  Eustachio (D:5)
  6 wraiths
  7 basilisks
  2 hungry ghosts
  5 fire elementals
  2 chaos spawn (Abyss:1)
  Edmund (D:6)
  A soldier ant (shapeshifter) (Vaults:3)
  A vampire mosquito (D:14)
  8 swamp worms (Lair:6)
  5 wargs
  An acid dragon (Vaults:1)
  4 hell hounds
  14 water moccasins
  8 porcupines
  4 ice beasts
  44 orc warriors
  An eye of draining (shapeshifter) (Vaults:4)
  3 black bears
  A black bear (shapeshifter) (Vaults:1)
  An eye of draining (Abyss:1)
  2 phantoms
  7 sky beasts
  3 necrophages
  A boggart (Vaults:3)
  40 ogres
  9 wolves
  26 centaurs
  11 crocodiles
  An elf simulacrum (Vaults:1)
  21 bullfrogs
  2 big kobolds (D:10)
  5 earth elementals
  A hornet simulacrum (D:14)
  2 wyvern zombies
  8 small abominations
  5 scorpions
  9 killer bees
  3 wights (D:10)
  4 howler monkeys
  An electric eel (Lair:4)
  7 crimson imps
  4 bullfrog zombies
  3 jellies
  2 quasits (Abyss:1)
  9 hounds
  29 orc priests
  43 orc wizards
  3 bullfrog skeletons
  6 centaur skeletons
  4 iron imps
  Jessica (D:2)
  Natasha (thrice) (D:2)
  13 iguanas
  A statue (D:9)
  11 worker ants
  A killer bee zombie (D:7)
  A hound zombie (D:10)
  A hound skeleton (D:5)
  A worker ant zombie (D:10)
  2 howler monkey zombies
  4 gnolls
  8 adders
  2 white imps
  2 ufetubi (Abyss:1)
  An ooze (D:2)
  2 adder skeletons
  A worm (D:2)
  5 dart slugs
  6 leopard geckos
  114 orcs
  3 ball pythons
  6 giant cockroaches
  4 hobgoblins
  9 jackals
  4 quokkas
  4 bats
  2 frilled lizards (D:1)
  3 goblins
  10 kobolds
  A quokka skeleton (D:5)
  4 rats
  A lurking horror (Abyss:1)
  2 plants
1637 creatures vanquished.

Vanquished Creatures (collateral kills)
  A torpor snail (Lair:6)
  A spiny frog (Lair:2)
  3 dream sheep (Lair:6)
5 creatures vanquished.

Vanquished Creatures (others)
  2 deep elf master archers (Elf:3)
  A vault warden (Vaults:5)
  A very ugly thing (Vaults:5)
  2 yaktaur captains (Vaults:3)
  2 vault guards (Vaults:5)
  2 centaur warriors
  2 dancing weapons
  A thrashing horror (Abyss:1)
  A deep elf knight (Elf:1)
  An unseen horror (Vaults:1)
  4 deep elf archers
  A wolf spider (Spider:4)
  An orc knight (Vaults:5)
  4 cyclopes
  An orb spider (Spider:4)
  3 deep elf magi
  A moth of wrath (Lair:6)
  A faun (Shoals:1)
  A black mamba (Lair:2)
  A vault sentinel (Vaults:5)
  A spiny frog (D:10)
  3 yaktaurs (Vaults:3)
  A dream sheep (shapeshifter) (Vaults:5)
  A redback (Spider:4)
  A yak (D:12)
  6 centaurs
  An orc wizard (Vaults:4)
  4 orcs
  18 fungi
  18 plants
  4 starspawn tentacles
91 creatures vanquished.

Grand Total: 1733 creatures vanquished

Notes
Turn   | Place    | Note
-------+----------+-------------------------------------------
     0 | Abyss:1  | Gargoyl the Centaur Abyssal Knight began the quest for the
                  | Orb.
     0 | Abyss:1  | Reached XP level 1. HP: 19/19 MP: 2/2
    73 | Abyss:2  | Noticed a chaos spawn
    73 | Abyss:2  | Noticed a chaos spawn
    73 | Abyss:2  | Noticed a chaos spawn
    73 | Abyss:2  | Noticed a chaos spawn
    95 | Abyss:2  | Got a pair of bloodstained gloves
   101 | Abyss:2  | Identified the +2 pair of gloves of the Demon Prince {rElec
                  | Str+4 Dex+2} (You found it on level 2 of the Abyss)
   109 | Abyss:2  | Noticed a shadow dragon zombie
   115 | D:1      | Escaped the Abyss
   307 | D:1      | Reached XP level 2. HP: 26/26 MP: 3/3
   445 | D:1      | Reached * piety under Lugonu
   946 | D:2      | Noticed Jessica
   950 | D:2      | Killed Jessica
   950 | D:2      | Reached skill level 1 in Dodging
   950 | D:2      | Reached XP level 3. HP: 31/31 MP: 4/4
  1291 | D:2      | Noticed Natasha
  1294 | D:2      | Killed Natasha
  1294 | D:2      | Reached XP level 4. HP: 40/40 MP: 5/5
  1323 | D:2      | Noticed Natasha
  1336 | D:2      | Killed Natasha
  1821 | D:2      | Noticed Natasha
  1828 | D:2      | Killed Natasha
  1828 | D:2      | Reached XP level 5. HP: 30/46 MP: 7/7
  2789 | D:4      | Reached ** piety under Lugonu
  2920 | D:4      | Found a hazy altar of Hepliaklqana.
  3084 | D:4      | Noticed an ogre
  3094 | D:4      | Killed an ogre
  3094 | D:4      | Reached skill level 3 in Invocations
  3094 | D:4      | Reached XP level 6. HP: 21/52 MP: 8/8
  3631 | D:4      | Found a deep blue altar of Sif Muna.
  3773 | D:5      | Entered Level 5 of the Dungeon
  4135 | D:5      | Noticed Eustachio
  4408 | D:5      | Reached XP level 7. HP: 45/59 MP: 9/9
  4500 | D:5      | Found a runed translucent door.
  4501 | D:5      | Found the +8 trident of the Octopus King {venom, rElec
                  | rPois MR+}
  4501 | D:5      | Noticed Acheron's ghost (amateur DEAr)
  5156 | D:6      | Reached skill level 1 in Throwing
  5156 | D:6      | Reached skill level 4 in Invocations
  5337 | D:6      | Reached XP level 8. HP: 52/67 MP: 11/11
  5370 | D:6      | Found a burning altar of Makhleb.
  5378 | D:6      | Noticed a cacodemon
  5644 | D:6      | Found a glowing silver altar of Zin.
  5644 | D:6      | Noticed an angel
  5702 | D:6      | Found a staircase to the Ecumenical Temple.
  5818 | D:6      | Noticed Edmund
  5864 | D:6      | Killed Edmund
  5864 | D:6      | Reached skill level 5 in Axes
  6492 | D:5      | Gained mutation: You are clumsy. (Dex -2) [potion of
                  | mutation]
  6492 | D:5      | Gained mutation: You are resistant to electric shocks.
                  | (rElec) [potion of mutation]
  6492 | D:5      | Lost mutation: You are clumsy. (Dex -2) [potion of
                  | mutation]
  6493 | D:5      | Lost mutation: You are resistant to electric shocks.
                  | (rElec) [potion of mutation]
  6493 | D:5      | Gained mutation: Scrolls take you a little longer to read.
                  | [potion of mutation]
  6493 | D:5      | Gained mutation: Your flesh is cold resistant. (rC+)
                  | [potion of mutation]
  6493 | D:5      | Gained mutation: Your body sometimes deteriorates upon
                  | taking damage. [potion of mutation]
  6493 | D:5      | Gained mutation: Your muscles are strong. (Str +2) [potion
                  | of mutation]
  6520 | D:5      | Killed Eustachio
  6984 | D:5      | Killed Acheron's ghost
  7247 | D:7      | Reached XP level 9. HP: 70/73 MP: 12/12
  7251 | D:7      | Reached skill level 5 in Fighting
  7261 | D:7      | Reached *** piety under Lugonu
  7261 | D:7      | Reached skill level 5 in Dodging
  7441 | D:7      | Reached skill level 1 in Polearms
  7441 | D:7      | Reached skill level 5 in Invocations
  8975 | D:8      | Found a glowing golden altar of the Shining One.
  9195 | D:8      | Noticed a troll
  9201 | D:8      | Killed a troll
  9201 | D:8      | Reached XP level 10. HP: 68/82 MP: 14/14
  9615 | D:8      | Reached skill level 6 in Invocations
  9618 | D:8      | Reached **** piety under Lugonu
  9702 | D:8      | Noticed Erica
  9710 | D:8      | Killed Erica
  9851 | D:9      | Reached skill level 5 in Polearms
 10042 | D:9      | Noticed harness's ghost (novice TeCj)
 10044 | D:9      | Found a runed translucent gate.
 10044 | D:9      | Found a runed translucent gate.
 10044 | D:9      | Found a runed translucent gate.
 10541 | D:9      | Killed harness's ghost
 10836 | D:9      | Reached skill level 5 in Armour
 11081 | D:9      | Found a radiant altar of Vehumet.
 11211 | D:10     | Entered Level 10 of the Dungeon
 11403 | D:10     | Found an ornate altar of the Wu Jian Council.
 11581 | D:10     | Found a staircase to the Lair.
 11593 | D:10     | Reached XP level 11. HP: 90/90 MP: 16/16
 11730 | D:10     | Killed an unseen horror
 11730 | D:10     | Reached skill level 7 in Invocations
 11889 | D:10     | Reached ***** piety under Lugonu
 12219 | Lair:1   | Entered Level 1 of the Lair of Beasts
 12387 | Lair:1   | Noticed a four-headed hydra
 13480 | Lair:1   | Noticed Joseph
 13508 | Lair:1   | Killed Joseph
 14411 | Lair:1   | Killed a four-headed hydra
 14634 | Lair:1   | Noticed a five-headed hydra
 14656 | Lair:1   | Killed a five-headed hydra
 14656 | Lair:1   | Reached skill level 8 in Invocations
 15189 | Lair:1   | Reached XP level 12. HP: 97/99 MP: 18/18
 16839 | Lair:2   | Noticed Sonja
 16859 | Lair:2   | Killed Sonja
 17337 | Lair:2   | Noticed Prince Ribbit
 17343 | Lair:2   | Noticed an eight-headed hydra
 17346 | Lair:2   | Killed Prince Ribbit
 17417 | Lair:1   | Killed an eight-headed hydra
 17895 | Lair:2   | Noticed Harold
 17904 | Lair:2   | Killed Harold
 18246 | Lair:2   | Reached skill level 9 in Invocations
 18779 | Lair:3   | Noticed a five-headed hydra
 18804 | Lair:2   | Killed a five-headed hydra
 19885 | Lair:3   | Reached XP level 13. HP: 108/108 MP: 19/19
 20296 | Lair:4   | Reached skill level 1 in Shields
 20849 | Lair:4   | Reached skill level 10 in Polearms
 21451 | Lair:4   | Found a hole to the Spider Nest.
 21764 | Lair:4   | Found a staircase to the Shoals.
 23580 | Lair:5   | Reached skill level 10 in Invocations
 24414 | Lair:6   | Entered Level 6 of the Lair of Beasts
 24615 | Lair:6   | Reached ****** piety under Lugonu
 24791 | Lair:6   | Reached XP level 14. HP: 58/118 MP: 21/21
 25912 | Lair:6   | Found a staircase to the Slime Pits.
 27563 | D:11     | Reached skill level 10 in Dodging
 27807 | D:11     | Found a hazy altar of Hepliaklqana.
 28598 | D:12     | Found a portal to a secret trove of treasure.
 28696 | D:12     | Found a staircase to the Orcish Mines.
 29570 | D:12     | Found Bonee's General Store.
 29573 | D:12     | Bought a scroll of enchant armour for 105 gold pieces
 30032 | D:12     | Reached skill level 11 in Invocations
 30100 | D:12     | Found Ceedopsu's Armour Emporium.
 30108 | D:12     | Bought a +0 centaur barding for 276 gold pieces
 30341 | D:12     | Bought the +9 plate armour of Instinct {Dex+2} for 950 gold
                  | pieces
 30804 | D:13     | Found Kusying's Book Shop.
 31096 | D:13     | Found an ancient bone altar of Kikubaaqudgha.
 32288 | D:14     | Found a snail-covered altar of Cheibriados.
 32426 | D:14     | Found a gate to the Vaults.
 32430 | D:14     | Reached XP level 15. HP: 113/126 MP: 23/23
 32667 | D:15     | Entered Level 15 of the Dungeon
 32921 | D:15     | Lost mutation: Your body sometimes deteriorates upon taking
                  | damage. [potion of mutation]
 32921 | D:15     | Lost mutation: Scrolls take you a little longer to read.
                  | [potion of mutation]
 32921 | D:15     | Lost mutation: Your muscles are strong. (Str +2) [potion of
                  | mutation]
 32921 | D:15     | Lost mutation: Your flesh is cold resistant. (rC+) [potion
                  | of mutation]
 32921 | D:15     | Gained mutation: Your muscles are strong. (Str +2) [potion
                  | of mutation]
 32921 | D:15     | Gained mutation: You occasionally shout uncontrollably at
                  | your foes. [potion of mutation]
 32921 | D:15     | Gained mutation: You are somewhat resistant to further
                  | mutation. [potion of mutation]
 33119 | D:15     | Noticed Rupert
 33131 | D:15     | Killed Rupert
 33412 | D:15     | Found a staircase to the Depths.
 33419 | D:15     | Reached skill level 10 in Fighting
 33560 | D:15     | Found a runed translucent gate.
 33560 | D:15     | Noticed drd's ghost (journeyman DsBe)
 33561 | D:15     | Found a runed translucent gate.
 33561 | D:15     | Identified the +10 great mace "Xynte" {protect, Int+3
                  | Dex+9}
 33561 | D:15     | Noticed an orc warlord
 33562 | D:15     | Found a runed translucent gate.
 33568 | D:15     | Found a roughly hewn altar of Beogh.
 33605 | D:15     | Reached skill level 5 in Shields
 33621 | D:15     | Killed an orc warlord
 34768 | Orc:1    | Entered Level 1 of the Orcish Mines
 34975 | Orc:1    | Found a roughly hewn altar of Beogh.
 35119 | Orc:2    | Entered Level 2 of the Orcish Mines
 35998 | Orc:2    | Found Foennesi's General Store.
 35998 | Orc:2    | Found Zatofeuj's Food Emporium.
 35999 | Orc:2    | Found Dura's Gadget Emporium.
 36002 | Orc:2    | Found Epimmo's Magic Scroll Shoppe.
 36404 | Orc:2    | Bought a scroll of enchant armour for 97 gold pieces
 36404 | Orc:2    | Bought a scroll of enchant weapon for 97 gold pieces
 36534 | Orc:2    | Found a staircase to the Elven Halls.
 37454 | Elf:1    | Entered Level 1 of the Elven Halls
 37777 | Elf:1    | Reached skill level 12 in Invocations
 37886 | Elf:1    | Noticed a deep elf sorcerer
 37909 | Elf:1    | Killed a deep elf sorcerer
 37924 | Elf:1    | Identified the +11 shortbow of Hudunoem {flame, MP+9 Dex+4}
 37933 | Elf:1    | Reached XP level 16. HP: 95/135 MP: 25/25
 37956 | Elf:1    | Noticed an Executioner
 38218 | Elf:1    | Cast into level 3 of the Abyss (a deep elf demonologist)
 38284 | Elf:1    | Escaped the Abyss
 38737 | Elf:1    | Cast into level 3 of the Abyss (a deep elf demonologist)
 38771 | Abyss:4  | Noticed an Executioner
 38772 | Elf:1    | Escaped the Abyss
 39289 | Spider:1 | Entered Level 1 of the Spider Nest
 39908 | Abyss:2  | Found a corrupted altar of Lugonu.
 39936 | Abyss:2  | Noticed a tentacled starspawn
 39950 | Abyss:2  | Killed a tentacled starspawn
 40050 | Spider:1 | Escaped the Abyss
 41125 | Spider:1 | Noticed Jorgrun
 41142 | Spider:1 | Killed Jorgrun
 41615 | Spider:2 | Noticed Arachne
 41728 | Spider:1 | Killed Arachne
 41874 | Spider:2 | Noticed Azrael
 41958 | Spider:2 | Killed Azrael
 44356 | Spider:4 | Entered Level 4 of the Spider Nest
 44791 | Spider:4 | Reached skill level 13 in Invocations
 44836 | Spider:4 | Reached skill level 10 in Armour
 45202 | Spider:4 | Reached XP level 17. HP: 127/144 MP: 26/26
 46447 | Spider:4 | Escaped the Abyss
 46905 | Spider:4 | Got a gossamer rune of Zot
 47279 | Vaults:1 | Entered Level 1 of the Vaults
 48151 | Vaults:1 | Noticed Aizul
 48167 | Vaults:1 | Killed Aizul
 48292 | Vaults:1 | You fall through a shaft!
 49129 | Vaults:1 | Reached XP level 18. HP: 152/152 MP: 28/28
 49836 | Vaults:2 | Reached skill level 14 in Invocations
 51992 | Vaults:3 | Noticed a lich
 52570 | Vaults:3 | Escaped the Abyss
 52734 | Vaults:3 | Killed a lich
 53238 | Vaults:3 | Reached skill level 10 in Shields
 53497 | Vaults:3 | Reached XP level 19. HP: 161/161 MP: 29/29
 55065 | Vaults:3 | Found a staircase to the Crypt.
 55807 | Vaults:4 | Got a steaming graven amulet
 55808 | Vaults:4 | Identified the amulet of Duvuj {Gourm rElec Int+4} (You
                  | found it on level 4 of the Vaults)
 56458 | Vaults:4 | Noticed a Tzitzimitl
 56460 | Vaults:4 | Reached skill level 15 in Invocations
 56598 | Vaults:4 | Noticed Mara
 56626 | Vaults:4 | Killed Mara
 58039 | Abyss:1  | Reached XP level 20. HP: 44/171 MP: 31/31
 58346 | Vaults:4 | Escaped the Abyss
 58963 | Vaults:4 | Reached skill level 15 in Polearms
 59073 | Vaults:5 | Entered Level 5 of the Vaults
 59074 | Vaults:5 | Corrupted Vaults:5
 59074 | Vaults:5 | Noticed a bone dragon
 59074 | Vaults:5 | Noticed a bone dragon
 59189 | Vaults:5 | Noticed a bone dragon
 59191 | Vaults:5 | Noticed an ancient lich
 60855 | Elf:1    | Found Eckoher's Armour Shoppe.
 61266 | Elf:1    | Reached skill level 16 in Invocations
 61445 | Elf:1    | Found a runed translucent gate.
 61445 | Elf:1    | Found a runed translucent gate.
 61445 | Elf:1    | Found a runed translucent gate.
 61445 | Elf:1    | Found a runed translucent gate.
 61445 | Elf:1    | Found a runed translucent gate.
 61446 | Elf:1    | Found a runed translucent gate.
 61498 | Elf:2    | Noticed Nikola
 61678 | Elf:2    | Killed Nikola
 62394 | Elf:2    | Found a runed translucent gate.
 62394 | Elf:2    | Found a runed translucent gate.
 62394 | Elf:2    | Found a runed translucent gate.
 62521 | Elf:1    | Lost mutation: You are somewhat resistant to further
                  | mutation. [potion of mutation]
 62521 | Elf:1    | Lost mutation: Your muscles are strong. (Str +2) [potion of
                  | mutation]
 62521 | Elf:1    | Lost mutation: You occasionally shout uncontrollably at
                  | your foes. [potion of mutation]
 62521 | Elf:1    | Gained mutation: You can translocate small distances at
                  | will. [potion of mutation]
 62521 | Elf:1    | Gained mutation: You are frail. (-10% HP) [potion of
                  | mutation]
 62521 | Elf:1    | Gained mutation: You are partially covered in iridescent
                  | scales. (AC +2) [potion of mutation]
 62521 | Elf:1    | Gained mutation: You evolve. [potion of mutation]
 62622 | Elf:2    | Found Jolyps's Jewellery Boutique.
 63371 | Elf:3    | Entered Level 3 of the Elven Halls
 63908 | Elf:3    | Reached XP level 21. HP: 138/161 MP: 33/33
 63958 | Elf:3    | Gained mutation: You are very frail. (-20% HP) [evolution]
 63958 | Elf:3    | Lost mutation: You evolve. [end of evolution]
 65017 | Elf:3    | Identified Woweusoin's Grimoire of Evil Changing
 65025 | Elf:3    | Identified the Disquisition on Poisonous Transformation
 65027 | Elf:3    | Identified the Collected Works on Boosting Combat Magic
 65031 | Elf:3    | Identified Sif Muna's Disquisition on Fetching Poisoning
 65040 | Elf:3    | Got a translucent diamond amulet
 65050 | Elf:3    | Identified the amulet "Toixaekh" {Faith rElec Int+2} (You
                  | found it on level 3 of the Elven Halls)
 65058 | Elf:3    | Got a sparkling glass ring
 65061 | Elf:3    | Got a smoking ruby amulet
 65070 | Elf:3    | Identified the ring of Kol Poxy {rC+ MR+ Int+4 Stlth+} (You
                  | found it on level 3 of the Elven Halls)
 65187 | Elf:3    | Identified the ring of Septaerph {rElec rN+ MR+ Str+3}
 65560 | Shoals:1 | Entered Level 1 of the Shoals
 65585 | Shoals:1 | Identified the amulet "Saogas" {Acrobat Str+5} (You found
                  | it on level 3 of the Elven Halls)
 67943 | Shoals:3 | Noticed Polyphemus
 67969 | Shoals:3 | Killed Polyphemus
 68154 | Shoals:4 | Entered Level 4 of the Shoals
 68828 | Shoals:4 | Identified a scroll of acquirement
 68998 | Shoals:4 | Got a scorched centaur barding
 69009 | Shoals:4 | Identified the +0 centaur barding "Feza" {rF- Int+3 Dex+2}
                  | (You acquired it on level 4 of the Shoals)
 69072 | Shoals:4 | Reached skill level 5 in Throwing
 69494 | Shoals:4 | Got a barnacled rune of Zot
 70378 | Vaults:4 | Reached skill level 17 in Invocations
 70716 | Vaults:3 | Killed an ancient lich
 70716 | Vaults:3 | Reached XP level 22. HP: 144/151 MP: 34/34
 72011 | Vaults:5 | Noticed a golden dragon
 72046 | Abyss:1  | Found a corrupted altar of Lugonu.
 72065 | Abyss:1  | Killed from afar by a hellephant

Skill      XL: |  1  2  3  4  5  6  7  8  9 10 11 12 13 14 15 16 17 18 19 20 21 22 |
---------------+-------------------------------------------------------------------+-----
Axes           | 2 3 4 5 6 |  6.1
Dodging        | 1 2 3 4 6 7 8 9 10 11 12 13 | 13.9
Armour         | 2 3 4 5 6 7 8 9 10 11 12 13 | 13.8
Fighting       | 4 5 6 7 8 9 10 11 12 13 14 | 14.3
Invocations    | 3 4 5 6 8 9 10 11 12 13 14 15 16 17 | 17.3
Throwing       | 1 2 3 4 5 |  5.0
Polearms       | 3 6 8 9 10 11 12 13 14 15 | 15.7
Shields        | 3 4 6 7 8 10 11 12 13 | 13.0

Action                   |  1- 3 |  4- 6 |  7- 9 | 10-12 | 13-15 | 16-18 | 19-21 | 22-24 || total
-------------------------+-------+-------+-------+-------+-------+-------+-------+-------++-------
Melee: Hand axe          |    65 |   198 |   227 |       |       |       |       |       ||   490
       Kick              |    11 |    42 |    91 |   167 |   623 |   770 |   915 |    92 ||  2711
       Trident           |       |       |   168 |   595 |  1628 |  1599 |  1812 |   160 ||  5962
Throw: Tomahawk          |       |     6 |    18 |    17 |       |       |       |       ||    41
       Javelin           |       |       |       |    25 |    15 |     7 |     5 |       ||    52
Invok: Depart the Abyss  |     1 |       |       |       |       |     5 |     1 |       ||     7
       Banish            |       |       |       |     2 |     3 |     2 |    10 |     6 ||    23
       Bend Space        |       |       |       |     1 |     1 |     4 |     3 |     1 ||    10
       Enter the Abyss   |       |       |       |       |       |     3 |     1 |     1 ||     5
       Corrupt           |       |       |       |       |       |       |     1 |       ||     1
Evoke: Wand              |       |       |     1 |       |     2 |     1 |       |       ||     4
  Use: Scroll            |     3 |     6 |     6 |    10 |    22 |    14 |    24 |     1 ||    86
       Potion            |       |       |    12 |     1 |     2 |     5 |     3 |     6 ||    29
 Stab: Invisible         |       |       |     5 |       |       |       |       |       ||     5
       Petrified         |       |       |       |       |    26 |       |       |       ||    26
       Petrifying        |       |       |       |       |     2 |       |       |       ||     2
       Distracted        |       |       |       |       |     1 |     1 |       |       ||     2
       Held in net/web   |       |       |       |       |       |     1 |       |       ||     1
  Eat: Chunk             |       |     8 |     9 |    20 |    38 |    10 |    18 |     2 ||   105
       Ration            |       |       |     2 |     3 |     4 |    11 |    11 |     1 ||    32
Armor: Ring mail         |    20 |       |       |       |       |       |       |       ||    20
       Robe              |    19 |    94 |   154 |   156 |   103 |       |       |       ||   526
       Skin              |       |       |    14 |       |       |       |       |       ||    14
       Plate armour      |       |       |       |       |   315 |   833 |   693 |   123 ||  1964
       Chain mail        |       |       |       |       |     3 |       |       |       ||     3
Dodge: Dodged            |    39 |   100 |   251 |   279 |   335 |   396 |   386 |    45 ||  1831
Block: Shield            |       |       |       |    54 |  1030 |  1425 |  1383 |   177 ||  4069
       Reflection        |       |       |       |       |    73 |    84 |   129 |     8 ||   294
